 Dungeon Crawl Stone Soup version 0.28-a0-407-g69098e2f6d (webtiles) character file.

Game seed: 1367888748659809140

161 Sabo the Slasher (level 5, 0/42 HPs)
             Began as a Djinni Gladiator on Sept 5, 2021.
             Was an Initiate of Gozag.
             Slain by a black bear (3 damage)
             ... on level 4 of the Dungeon.
             The game lasted 00:14:33 (3332 turns).

Sabo the Slasher (Djinni Gladiator)                 Turns: 3332, Time: 00:14:36

Health: 0/42       AC:  5    Str: 12    XL:     5   Next: 70%
Gold:   395        EV: 12    Int: 10    God:    Gozag SH:  5 Dex: 14

rFire   + + .      SeeInvis .   a - +0 long sword
rCold   x . .      Faith    .   g - +2 buckler
rNeg    . . .      Spirit   .   b - +0 leather armour
rPois   ∞          Reflect  .   (no helmet)
rElec   .          Harm     .   (no cloak)
rCorr   .          Rampage  .   t - +0 pair of gloves
Will    .....                   (boots unavailable)
Stlth   +.........              (no amulet)
HPRegen 0.00/turn               (no ring)
MPRegen 0.00/turn               (no ring)

@: flying, inhibited regen
A: sickness immunity, fire resistance 2, cold vulnerability 1, float, innate
caster, hp casting, extra vitality 1, robust 1, shaggy fur 1, inhibited
regeneration, weak 1, no potion heal 1
a: Renounce Religion, Potion Petition, Call Merchant, Bribe Branch


You were on level 4 of the Dungeon.
You worshipped Gozag.
Gozag was aware of your devotion.
You visited 1 branch of the dungeon, and saw 4 of its levels.

You collected 395 gold pieces.

Inventory:

Hand Weapons
 a - a +0 long sword (weapon)
 j - a +0 war axe
 s - a +0 hunting sling
Missiles
 d - 3 throwing nets (quivered)
 e - 20 arrows
Armour
 b - a +0 leather armour (worn)
 c - a +0 helmet
 g - a +2 buckler (worn)
 p - a +0 chain mail
 t - a +0 pair of gloves (worn)
Scrolls
 k - a scroll of holy word
 n - a scroll of blinking
 q - 2 scrolls of fog {unknown}
 r - a scroll of teleportation {unknown}
Potions
 f - 2 potions of curing {unknown}
 h - a potion of heal wounds {unknown}
 l - a potion of lignification {unknown}
 o - 2 potions of attraction {unknown}


   Skills:
 + Level 2.3 Fighting
 + Level 4.4 Long Blades
 + Level 1.6 Throwing
 + Level 1.6 Armour
 + Level 3.9 Dodging
 + Level 0.1 Stealth
 + Level 0.5 Shields


You had one spell level left.
You knew the following spells:

 Your Spells              Type           Power      Damage    Failure   Level
a - Beastly Appendage     Tmut           0%         N/A       61%         1
b - Slow                  Hex            0%         N/A       75%         2
Your spell library was empty.

Dungeon Overview and Level Annotations

Branches:
Dungeon (4/15)
 Temple: D:4-7

Altars:
Gozag


Innate Abilities, Weirdness & Mutations

You are immune to sickness and miasma.
You are immune to poison.
Your flesh is very heat resistant. (rF++)
You are vulnerable to cold. (rC-)
You float through the air rather than walking.
You learn spells naturally, not from books.
Your magical power is your life essence.
You have superior vitality. (+4 HP)
You are robust. (+10% HP)
You are covered in fur. (AC +1)
You do not regenerate when monsters are visible.
You are weak. (Str -2)
Potions are less effective at restoring your health.


Message History

The black bear is heavily wounded.
You block the black bear's attack. The black bear misses you.
The black bear claws you but does no damage.
You closely miss the black bear.
The black bear is heavily wounded.
The black bear closely misses you. x2; The black bear claws you.
The black bear barely misses you. You block the black bear's attack. x2
You hit the black bear.
The black bear is heavily wounded.
The black bear bites you. The black bear closely misses you.
The black bear claws you but does no damage.
You hit the black bear.
The black bear is severely wounded.
The black bear goes berserk!
You hit the black bear.
The black bear is severely wounded.
The black bear bites you! The black bear barely misses you.
The black bear claws you but does no damage.
The black bear bites you. The black bear claws you. x2
You barely miss the black bear.
The black bear is severely wounded.
The black bear closely misses you. You block the black bear's attack.
The black bear claws you but does no damage.
The black bear bites you! You block the black bear's attack.
The black bear claws you.
* * * LOW HITPOINT WARNING * * *
You hit the black bear.
The black bear is severely wounded.
The black bear bites you.
* * * LOW HITPOINT WARNING * * *
You block the black bear's attack. x2; The black bear closely misses you.
The black bear misses you. The black bear claws you.
* * * LOW HITPOINT WARNING * * *
You hit the black bear but do no damage.
The black bear is severely wounded.
The black bear barely misses you. The black bear closely misses you.
The black bear claws you but does no damage.
You block the black bear's attack. The black bear claws you.
You die...
Your body crumbles into a pile of gold.

#.#.......
#........
#.......##
#...#....##
#.........#
#.......#
#...h...#.#
#..<@.....#
#.........+
#..>......#
...........#
.............+
..............#
...........#..#
.......###.#..#


You could see a black bear (berserk).

Vanquished Creatures
  A water moccasin skeleton (D:2)
  A gnoll (D:1)
  3 adders (D:3)
  3 worms
  2 dart slugs
  An orc (D:3)
  6 endoplasms
  A giant cockroach (D:1)
  7 goblins
  9 hobgoblins
  5 jackals
  4 quokkas
  A ball python (D:1)
  5 bats (D:1)
  3 frilled lizards
  4 kobolds
  2 rats
58 creatures vanquished.

Vanquished Creatures (others)
  A plant (D:1)
  2 withered plants (D:1)
3 creatures vanquished.

Grand Total: 61 creatures vanquished

Notes
Turn   | Place    | Note
-------+----------+-------------------------------------------
     0 | D:1      | Sabo the Djinni Gladiator began the quest for the Orb.
     0 | D:1      | Reached XP level 1. HP: 18/18 MP: 0/0
    86 | D:1      | Reached XP level 2. HP: 23/23 MP: 0/0
   141 | D:1      | Reached skill level 3 in Long Blades
   298 | D:1      | Found a faded altar of an unknown god.
   306 | D:1      | Became a worshipper of Gozag Ym Sagoz the Greedy
   508 | D:1      | Reached XP level 3. HP: 28/28 MP: 0/0
   508 | D:1      | Learned a level 1 spell: Beastly Appendage
  1620 | D:2      | Reached skill level 1 in Armour
  1624 | D:2      | Reached XP level 4. HP: 29/33 MP: 0/0
  1833 | D:2      | Reached XP level 5. HP: 29/38 MP: 0/0
  1833 | D:2      | Learned a level 2 spell: Slow
  2133 | D:3      | Reached skill level 4 in Long Blades
  3295 | D:3      | Gained mutation: You are robust. (+10% HP) [potion of
                  | mutation]
  3295 | D:3      | Gained mutation: You do not regenerate when monsters are
                  | visible. [potion of mutation]
  3295 | D:3      | Gained mutation: You have a pair of small horns on your
                  | head. [potion of mutation]
  3295 | D:3      | Gained mutation: You are covered in fur. (AC +1) [potion of
                  | mutation]
  3296 | D:3      | Lost mutation: You have a pair of small horns on your head.
                  | [potion of mutation]
  3296 | D:3      | Lost mutation: You are robust. (+10% HP) [potion of
                  | mutation]
  3296 | D:3      | Gained mutation: You are weak. (Str -2) [potion of
                  | mutation]
  3296 | D:3      | Gained mutation: You sometimes lose the ability to read
                  | scrolls when taking damage. [potion of mutation]
  3297 | D:3      | Lost mutation: You are weak. (Str -2) [potion of mutation]
  3297 | D:3      | Lost mutation: You sometimes lose the ability to read
                  | scrolls when taking damage. [potion of mutation]
  3297 | D:3      | Gained mutation: You are weak. (Str -2) [potion of
                  | mutation]
  3297 | D:3      | Gained mutation: Potions are less effective at restoring
                  | your health. [potion of mutation]
  3297 | D:3      | Gained mutation: You are robust. (+10% HP) [potion of
                  | mutation]
  3321 | D:4      | Noticed a black bear
  3332 | D:4      | Slain by a black bear

Illustrated notes

Levels and vault maps discovered:
D:1:      lightli_molten_gateway, layout_rooms,
          shapermc_ecumenical_altar_flowoftime
D:2:      layout_rooms, kennysheep_generic_room_2
D:3:      layout_loops_ring
D:4:      layout_cave_pools, mainiacjoe_overflow_24_doors,
          nicolae_overflow_hidden_temple, uniq_menkaure

Skill      XL: |  1  2  3  4  5 |
---------------+----------------+-----
Long Blades    | 3 4 |  4.4
Armour         | 1 |  1.6
Fighting       | |  2.3
Throwing       | |  1.6
Dodging        | |  3.9
Stealth        | |  0.1
Shields        | |  0.5

Action                   |  1- 3 |  4- 6 || total
-------------------------+-------+-------++-------
Melee: Long sword        |   108 |   122 ||   230
  Use: Scroll            |       |     3 ||     3
       Potion            |       |     3 ||     3
Armor: Leather armour    |    20 |    20 ||    40
       Chain mail        |       |     9 ||     9
Dodge: Dodged            |    64 |    69 ||   133
Block: Buckler           |    29 |    37 ||    66

Table legend: (Time is in decaauts)
 A = Elapsed time spent in this place.
 B = Non-inter-level travel time spent in this place.
 C = Inter-level travel time spent in this place.
 D = Time resting spent in this place.
 E = Time spent auto-exploring this place.
 F = Levels seen in this place.
 G = Mean time per level.
                   A        B        C        D        E       F      G
               +--------+--------+--------+--------+--------+-----+--------+
         Total |   3395 |   3395 |      0 |   1172 |      0 |   4 |  848.8 |
       Dungeon |   3395 |   3395 |      0 |   1172 |      0 |   4 |  848.8 |
               +--------+--------+--------+--------+--------+-----+--------+

Top non-repeatable levels by time:
     D:1: 1305 daAuts
     D:3: 1218 daAuts
     D:2: 858 daAuts
     D:4: 13 daAuts
